 Dungeon Crawl Stone Soup version 0.30-a0-913-g9934a0ce24 (webtiles) character file.

Game seed: 15627071448265354004

18 cforsyth the Cutter (level 2, -4/21 HPs)
             Began as a Human Wanderer on Mar 19, 2023.
             Slain by Natasha (8 damage)
             ... on level 2 of the Dungeon.
             The game lasted 00:01:53 (1211 turns).

cforsyth the Cutter (Human Wanderer)                Turns: 1211, Time: 00:01:54

Health: -4/21      AC:  5    Str: 14    XL:     2   Next: 90%
Magic:  2/2        EV: 12    Int: 10    God:
Gold:   52         SH:  0    Dex: 12    Spells: 1/1 levels left

rFire   . . .      SeeInvis .    a - +0 short sword
rCold   . . .      Faith    .    (no shield)
rNeg    . . .      Spirit   .    b - +2 leather armour
rPois   .          Reflect  .    (no helmet)
rElec   .          Rampage  .    (no cloak)
rCorr   .                        (no gloves)
Will    .....                    (no boots)
Stlth   ++                       (no amulet)
HPRegen 0.23/turn                (no ring)
MPRegen 0.08/turn                (no ring)

@: no status effects
A: no striking features
a: no special abilities


You were on level 2 of the Dungeon.
You visited 1 branch of the dungeon, and saw 2 of its levels.

You collected 52 gold pieces.

Inventory:

Hand Weapons
 a - a +0 short sword (weapon)
 d - a +0 dagger
Missiles
 c - 11 poisoned darts (quivered)
Armour
 b - a +2 leather armour (worn)
Scrolls
 e - a scroll of fear
 h - 2 scrolls of enchant armour {unknown}
 i - a scroll of magic mapping {unknown}
 l - 2 scrolls of amnesia {unknown}
 m - a scroll of teleportation {unknown}
 n - a scroll of immolation {unknown}
 o - a scroll of identify {unknown}
Potions
 f - a potion of heal wounds {unknown}
 g - a potion of attraction {unknown}
 j - a potion of degeneration {unknown}
 k - a potion of curing {unknown}


   Skills:
 + Level 1.4 Fighting
 + Level 3.4 Short Blades
 - Level 2.0 Throwing
 - Level 3.0 Dodging
 - Level 2.0 Stealth


You had one spell level left.
You didn't know any spells.
Your spell library contained the following spells:

 Spells                   Type           Power      Damage    Failure   Level
 Blink                    Tloc           0%         N/A       58%         2
 Manifold Assault         Tloc           0%         N/A       99%         4
 Storm Form               Tmut/Air       0%         N/A       100%        7


Dungeon Overview and Level Annotations

Branches:
Dungeon (2/15)

Altars:

Shops:
D:2 :

Annotations:
D:2 Natasha


Message History

An endoplasm is nearby!
The helpless endoplasm fails to defend itself.
You puncture the endoplasm!
You kill the endoplasm!
No target in view!
No target in view!
No target in view!
No target in view!
No target in view!
No target in view!
An adder comes into view.
An adder is nearby!
An adder is nearby!
Natasha, Servant of Life and Death comes into view.
Natasha barely misses you.
You hit Natasha but do no damage. Natasha claws you.
You hit Natasha but do no damage. Natasha barely misses you.
You hit Natasha but do no damage. You hit Natasha but do no damage.
Natasha claws you!
You closely miss Natasha. Natasha claws you!
* * * LOW HITPOINT WARNING * * *
You are too injured to fight recklessly!
You are too injured to fight recklessly!
You are too injured to fight recklessly!
You are too injured to fight recklessly!
You are too injured to fight recklessly!
You are too injured to fight recklessly!
You are too injured to fight recklessly!
You are too injured to fight recklessly!
You hit Natasha.
Natasha is lightly wounded.
Natasha stares at you and mumbles some strange words.
You resist with significant effort.
You hit Natasha.
Natasha is heavily wounded.
Natasha closely misses you.
You hit Natasha.
Natasha is severely wounded.
Natasha claws you!
You die...

...#.#####...#.....#.####..).....
...#.#####...#...#.#.# #..######
...#.##........###.#.# #..#
...#.##............#.# #..#
...#.##........###.# #..#
...#.##........#.#.# #..#
...#.##........#.#.# #..# ...#
...........h#.# #..#
...########.####@#.#
...................#
...#....###.####.######
..............S........
..##.#......####.###..#### ###
....†#................##.. ..#
.....#..>.........# #.##.# #.#
...#.#............# #.##.# #.#
...#.#............###.##.######.#


You could see Natasha.

Vanquished Creatures
  2 bats (D:1)
  An endoplasm (D:2)
  A giant cockroach (D:1)
  A goblin (D:1)
  2 hobgoblins (D:1)
  2 jackals (D:2)
  A kobold (D:2)
  A quokka (D:2)
  A ball python (D:2)
  3 frilled lizards
  2 rats (D:1)
17 creatures vanquished.

Notes
Turn   | Place    | Note
-------+----------+-------------------------------------------
     0 | D:1      | cforsyth the Human Wanderer began the quest for the Orb.
     0 | D:1      | cforsyth set off with the following items: a +0 short
                  | sword, a +2 leather armour, 11 poisoned darts, a +0 dagger,
                  | a scroll of fear.
     0 | D:1      | Reached XP level 1. HP: 13/13 MP: 1/1
   217 | D:1      | Reached skill level 1 in Fighting
   217 | D:1      | Reached XP level 2. HP: 19/21 MP: 2/2
   925 | D:2      | Found Wietim's Book Emporium.
  1202 | D:2      | Noticed Natasha
  1211 | D:2      | Slain by Natasha

Illustrated notes

Levels and vault maps discovered:
D:1:      evilmike_arrival_crescent, layout_basic, minmay_misc_feat_nine_boxes
D:2:      layout_basic, serial_shops, shop, minmay_misc_feat_iff, uniq_natasha

Skill      XL: |  1 |
---------------+----+-----
Fighting       | 1 |  1.4
Short Blades   | |  3.4
Throwing       | |  2.0
Dodging        | |  3.0
Stealth        | |  2.0

Action                     || total
---------------------------++-------
  Melee: Short sword       ||    97
   Stab: Sleeping          ||     2
 Armour: Leather armour    ||    29
  Dodge: Dodged            ||    51

Table legend: (Time is in decaauts)
 A = Elapsed time spent in this place.
 B = Non-inter-level travel time spent in this place.
 C = Inter-level travel time spent in this place.
 D = Time resting spent in this place.
 E = Time spent auto-exploring this place.
 F = Levels seen in this place.
 G = Mean time per level.
                   A        B        C        D        E       F      G
               +--------+--------+--------+--------+--------+-----+--------+
         Total |   1196 |   1131 |     65 |      0 |    958 |   2 |  598.0 |
       Dungeon |   1196 |   1131 |     65 |      0 |    958 |   2 |  598.0 |
               +--------+--------+--------+--------+--------+-----+--------+

Top non-repeatable levels by time:
     D:1: 800 daAuts
     D:2: 395 daAuts
